 Dungeon Crawl Stone Soup version 0.30-a0-4-ga7cffc901d (webtiles) character file.

Game seed: 14386862309580451323

26 porpoise the Insei (level 3, -1/28 HPs)
             Began as a Merfolk Transmuter on Aug 21, 2022.
             Slain by a kobold
             ... wielding a +0 short sword
              (4 damage)
             ... on level 2 of the Dungeon.
             The game lasted 00:06:34 (2495 turns).

porpoise the Insei (Merfolk Transmuter)             Turns: 2495, Time: 00:06:34

Health: -1/28      AC:  5    Str: 10    XL:     3   Next: 8%
Magic:  4/6        EV: 10    Int: 14    God:
Gold:   28         SH:  0    Dex: 14    Spells: 3/6 levels left

rFire   . . .      SeeInvis .    b - +0 whip (venom)
rCold   . . .      Faith    .    (no shield)
rNeg    . . .      Spirit   .    i - +0 ring mail
rPois   .          Reflect  .    (helmet currently unavailable)
rElec   .          Harm     .    (no cloak)
rCorr   .          Rampage  .    (no gloves)
Will    .....                    (boots currently unavailable)
Stlth   +.........               (no amulet)
HPRegen 0.09/turn                g - ring of wizardry
MPRegen 0.10/turn                (no ring)

@: appendages (expiring), wereblooded, slowed, very slow
A: horns 2, (nimble swimmer 2), mertail
a: End Transformation


You were on level 2 of the Dungeon.
You had temporarily grown beastly horns.
You visited 1 branch of the dungeon, and saw 2 of its levels.

You collected 83 gold pieces.
You spent 55 gold pieces at shops.

Inventory:

Hand Weapons
 b - a +0 whip of venom (weapon)
Armour
 a - a +0 robe
 i - a +0 ring mail (worn)
Magical Staves
 f - a staff of poison
Jewellery
 g - a ring of wizardry (left hand)
Scrolls
 c - a scroll of poison {unknown}
 l - a scroll of blinking {unknown}
 m - a scroll of noise {unknown}
Potions
 e - 2 potions of brilliance
 h - a potion of might
 j - a potion of magic
 k - a potion of lignification
 n - a potion of curing


   Skills:
 * Level 2.6 Fighting
 - Level 2.6 Dodging
 + Level 3.4 Unarmed Combat
 - Level 2.0 Spellcasting
 + Level 3.3 Transmutations


You had 3 spell levels left.
You knew the following spells:

 Your Spells              Type           Power      Damage    Failure   Level
a - Beastly Appendage     Tmut           20%        N/A       6%          1
w - Wereblood             Tmut           10%        N/A       10%         2

Your spell library contained the following spells:

 Spells                   Type           Power      Damage    Failure   Level
 Apportation              Tloc           2%         N/A       24%         1
 Necrotise                Necr           4%         1d4       24%         1
 Summon Small Mammal      Summ           4%         N/A       24%         1
 Spider Form              Tmut/Pois      6%         N/A       34%         3
 Ice Form                 Ice/Tmut       6%         N/A       73%         4
 Hailstorm                Conj/Ice       1%         3d3       91%         4
 Simulacrum               Ice/Necr       0%         N/A       100%        6


Dungeon Overview and Level Annotations

Branches:
Dungeon (2/15)

Altars:
Gozag

Shops:
D:2 *

Annotations:
D:2 Natasha


Innate Abilities, Weirdness & Mutations

You have temporarily grown beastly horns.
((You are very nimble when in or above water. (Stealth+, EV+, Speed+++)))
Your lower body shifts to a powerful aquatic tail in water.


Message History

Natasha barely misses you.
The kobold hits you with a +0 short sword.
You hit Natasha but do no damage.
Natasha is poisoned.
Your headbutt misses Natasha.
The ball python bites you but does no damage.
The ball python constricts you. Natasha barely misses you.
The kobold hits you with a +0 short sword.
The ball python bites you but does no damage.
The ball python constricts you. Natasha claws you.
You hit the ball python.
The ball python is poisoned.
The ball python is severely wounded.
You feel a bit better.
You kill the ball python!
The kobold barely misses you.
Natasha stares at you and mumbles some strange words.
You resist with significant effort.
The kobold hits you with a +0 short sword.
You barely miss Natasha.
Natasha is moderately wounded.
Natasha barely misses you. The kobold barely misses you. Natasha claws you.
The kobold hits you with a +0 short sword.
You closely miss Natasha.
Natasha is heavily wounded.
You howl as the wereblood boils in your veins!
Natasha claws you!
* * * LOW HITPOINT WARNING * * *
The kobold barely misses you.
You hit Natasha but do no damage.
Natasha looks even sicker.
Natasha is heavily wounded.
Natasha claws you but does no damage.
The kobold hits you with a +0 short sword.
* * * LOW HITPOINT WARNING * * *
Natasha mumbles some strange words.
The kobold hits you but does no damage.
You closely miss Natasha. Your headbutt misses Natasha.
Natasha is severely wounded.
Your transformation is almost over.
Natasha barely misses you.
The kobold hits you with a +0 short sword.
You die...

......##.##.###.# ####..
#####.##.#......# ##.
....#.##...###### #..
###.#.##.).# ##.
#.#.##>..# ##
#.#.##.#.####+####+###
#.
#.#.##.#.##....5......
##
###.#.##.#.##....K......
#
....#.##.#.##...@h....?.
#
#####.##.#..'....†......
#.##.####...........
#.##..###...........
#.###....#######.... #.#
####..# ..## #.# ##.#
#..# #####.# #.# #..#
#.....# #.. ##..#


You could see Natasha (very poisoned), a shadow imp (summoned) and a kobold.

Vanquished Creatures
  A worm (D:2)
  5 bats
  2 endoplasms (D:1)
  A giant cockroach (D:2)
  3 hobgoblins
  2 ball pythons
  2 goblins
  4 kobolds (D:1)
  3 rats
23 creatures vanquished.

Notes
Turn   | Place    | Note
-------+----------+-------------------------------------------
     0 | D:1      | porpoise the Merfolk Transmuter began the quest for the
                  | Orb.
     0 | D:1      | Reached XP level 1. HP: 15/15 MP: 3/3
   767 | D:1      | Reached XP level 2. HP: 22/22 MP: 3/5
  1241 | D:1      | Found a faded altar of an unknown god.
  1475 | D:1      | Learned a level 2 spell: Wereblood
  2288 | D:2      | Found an opulent altar of Gozag.
  2393 | D:2      | Reached XP level 3. HP: 28/28 MP: 6/6
  2437 | D:2      | Found Joidgh's General Store.
  2442 | D:2      | Bought a potion of curing for 33 gold pieces
  2442 | D:2      | Bought a scroll of identify for 22 gold pieces
  2485 | D:2      | Noticed Natasha
  2495 | D:2      | Slain by a kobold

Illustrated notes

Levels and vault maps discovered:
D:1:      psy_arrival_dodecagon, layout_basic,
          dreamdust_ecumenical_altar_statues
D:2:      layout_basic, serial_shops, shop, shop_fountains, shop, shop_statue,
          basic_altar, minmay_misc_feat_cross, nicolae_figureground_sparkle,
          uniq_natasha

Skill      XL: |  1  2 |
---------------+-------+-----
Transmutations | 3 |  3.3
Fighting       | 2 |  2.6
Dodging        | |  2.6
Unarmed Combat | |  3.4
Spellcasting   | |  2.0

Action                   || total
-------------------------++-------
Melee: Unarmed           ||    42
       Headbutt          ||     1
       Whip              ||    32
 Cast: Beastly Appendage ||     5
       Wereblood         ||     1
  Use: Scroll            ||     3
 Stab: Sleeping          ||     1
Armor: Ring mail         ||    20
       Robe              ||     2
Dodge: Dodged            ||    43

Table legend: (Time is in decaauts)
 A = Elapsed time spent in this place.
 B = Non-inter-level travel time spent in this place.
 C = Inter-level travel time spent in this place.
 D = Time resting spent in this place.
 E = Time spent auto-exploring this place.
 F = Levels seen in this place.
 G = Mean time per level.
                   A        B        C        D        E       F      G
               +--------+--------+--------+--------+--------+-----+--------+
         Total |   2498 |   2477 |     21 |   1320 |    915 |   2 | 1249.0 |
       Dungeon |   2498 |   2477 |     21 |   1320 |    915 |   2 | 1249.0 |
               +--------+--------+--------+--------+--------+-----+--------+

Top non-repeatable levels by time:
     D:1: 2001 daAuts
     D:2: 497 daAuts
